 Dungeon Crawl Stone Soup version 0.27-a0-951-gae3e1deef5 (webtiles) character file.

Game seed: 5857307280090529601

28 Alarkh the Insei (level 3, 25/26 HPs)
             Began as a Demonspawn Transmuter on Apr 11, 2021.
             Got out of the dungeon alive.
             The game lasted 00:00:56 (958 turns).

Alarkh the Insei (Demonspawn Transmuter)             Turns: 958, Time: 00:00:56

Health: 25/26      AC:  3    Str: 10    XL:     3   Next: 0%
Magic:  6/6        EV: 12    Int: 15    God:
Gold:   36         SH:  0    Dex: 13    Spells: 5/6 levels left

rFire    . . .     SeeInvis .     - Unarmed
rCold    . . .     Faith    .   (no shield)
rNeg     . . .     Spirit   .   a - +0 robe
rPois    .         Reflect  .   (no helmet)
rElec    .         Harm     .   (no cloak)
rCorr    .         Rampage  .   (no gloves)
Will     .....                  (no boots)
Stlth    +.........             b - amulet of the acrobat
HPRegen  0.08/turn              (no ring)
MPRegen  0.10/turn              (no ring)

@: no status effects
A: talons 1, sharp scales 1
a: no special abilities


You escaped.
You visited 1 branch of the dungeon, and saw 2 of its levels.

You collected 36 gold pieces.

Inventory:

Armour
 a - a +0 robe (worn)
Jewellery
 b - an amulet of the acrobat (around neck)
Scrolls
 c - a scroll of identify {unknown}
 d - a scroll of teleportation {unknown}
 g - a scroll of vulnerability {unknown}
Potions
 e - a potion of magic {unknown}
 f - a potion of attraction {unknown}


   Skills:
 + Level 1.5 Fighting
 - Level 1.7 Dodging
 * Level 3.2 Unarmed Combat
 + Level 2.2 Spellcasting
 + Level 2.1 Transmutations


You had 5 spell levels left.
You knew the following spells:

 Your Spells              Type           Power      Damage    Failure   Level
a - Beastly Appendage     Tmut           16%        N/A       9%          1

Your spell library contained the following spells:

 Spells                   Type           Power      Damage    Failure   Level
 Wereblood                Tmut           8%         N/A       14%         2
 Spider Form              Tmut/Pois      2%         N/A       38%         3
 Ice Form                 Ice/Tmut       4%         N/A       80%         4
 Hydra Form               Tmut           4%         N/A       94%         5


Dungeon Overview and Level Annotations

Branches:
Dungeon (2/15)

Altars:


Innate Abilities, Weirdness & Mutations

You have sharp toenails.
You are partially covered in razor-sharp scales. (AC +1, Slay +1)


Message History

Nothing appears to happen.
You hit the goblin.
The goblin is severely wounded.
The goblin closely misses you.
Casting: Beastly Appendage (safe; 10% risk of failure)
Confirm with . or Enter, or press ? or * to list all spells.
You grow a pair of large bovine horns.
Your feet morph into talons.
The goblin closely misses you.
Unknown command.
You barely miss the goblin.
The goblin is severely wounded.
The goblin hits you with a +0 club.
You completely miss the goblin. Your punch misses the goblin.
The goblin is severely wounded.
The goblin closely misses you.
You hit the goblin.
You kill the goblin!
You closely miss the frilled lizard. The frilled lizard barely misses you.
Your magical contamination has completely faded away.
You hit the frilled lizard but do no damage.
You headbutt the frilled lizard.
You kill the frilled lizard!
Your transformation is almost over.
You have reached level 3!
Your experience leads to an increase in your attributes!
Increase (S)trength, (I)ntelligence, or (D)exterity?
You feel clever.
Your demonic ancestry asserts itself...
Your mutations feel more permanent.
No target in view!
No target in view!
(D) Dungeon
Where to? (Enter - D:2, ? - help)
Your horns disappear.
Your talons shrink.
There is a stone staircase leading up here.
You climb upwards.
There is a stone staircase leading down here.
Unknown command.
There is a staircase leading out of the dungeon here.
Are you sure you want to leave the Dungeon?
This will make you lose the game!
You have escaped! #..# #######...# ######.# #. #..# .PP#...#PP.♣ #.# #. #..# .♣♣PP#...#PP. #.# #. #†.# PPPPP#...#PP♣ #.# #. #..# ..P.#...#.P♣♣P #.# #. ###..# ♣.♣P♣#...#P♣♣P♣P #.# #. .....# .P♣PP#...#PPPPPP #.# #. .....# ♣PPP♣#...#♣PPPPP #.# #. .....# P..P♣#.@.#♣PPP.P #.# #. .....# PPP.P#...#PPPPP. #.# #. .....# P.PPP#...#♣P♣♣P♣ #.# #. ..†..# PPPPP#...#PPP♣.P

#.###. ###..# .PPPP#...#.PP.PP
#..... #..# PP.♣P#...#PP.♣.P
#.#### #..# PP♣♣P#...#..PP.P
#.# #..# ♣. #...#♣PPP.♣ #.#
#..##########...###############


There were no monsters in sight!

Vanquished Creatures
  2 dart slugs
  An endoplasm (D:1)
  3 giant cockroaches (D:1)
  4 goblins
  A hobgoblin (D:1)
  2 kobolds (D:1)
  2 quokkas (D:1)
  2 ball pythons (D:1)
  A bat (D:2)
  A frilled lizard (D:2)
  4 rats (D:1)
23 creatures vanquished.

Notes
Turn   | Place    | Note
-------+----------+-------------------------------------------
     0 | D:1      | Alarkh the Demonspawn Transmuter began the quest for the
                  | Orb.
     0 | D:1      | Reached XP level 1. HP: 15/15 MP: 3/3
   298 | D:1      | Gained mutation: You are partially covered in razor-sharp
                  | scales. (AC +1, Slay +1) [demonic ancestry]
   298 | D:1      | Reached XP level 2. HP: 17/21 MP: 3/5
   389 | D:1      | Reached skill level 3 in Unarmed Combat
   916 | D:2      | Mutation became permanent: You have sharp toenails.
                  | [demonic ancestry]
   916 | D:2      | Gained mutation: You have razor-sharp toenails. [demonic
                  | ancestry]
   916 | D:2      | Reached XP level 3. HP: 22/26 MP: 3/6
   958 | D:$      | Got out of the dungeon alive.

Illustrated notes

Levels and vault maps discovered:
D:1:      minmay_arrival_arboretum_large, layout_basic
D:2:      layout_basic, hellmonk_ecumenical_altar_lost_god,
          minmay_worlds_worst_comb

Skill      XL: |  1  2 |
---------------+-------+-----
Unarmed Combat | 3 |  3.2
Transmutations | 2 |  2.1
Fighting       | |  1.5
Dodging        | |  1.7
Spellcasting   | |  2.2

Action                   || total
-------------------------++-------
Melee: Unarmed           ||    62
       Kick              ||     7
       Headbutt          ||     6
 Cast: Beastly Appendage ||    12
 Stab: Sleeping          ||     1
Armor: Robe              ||    10
Dodge: Dodged            ||    33

Table legend: (Time is in decaauts)
 A = Elapsed time spent in this place.
 B = Non-inter-level travel time spent in this place.
 C = Inter-level travel time spent in this place.
 D = Time resting spent in this place.
 E = Time spent auto-exploring this place.
 F = Levels seen in this place.
 G = Mean time per level.
                   A        B        C        D        E       F      G
               +--------+--------+--------+--------+--------+-----+--------+
         Total |    954 |    842 |    112 |      0 |    684 |   2 |  477.0 |
       Dungeon |    954 |    842 |    112 |      0 |    684 |   2 |  477.0 |
               +--------+--------+--------+--------+--------+-----+--------+

Top non-repeatable levels by time:
     D:1: 751 daAuts
     D:2: 203 daAuts
